 Dungeon Crawl Stone Soup version 0.23-a0-650-ga4d50d4 (webtiles) character file.

22 Borgoz the Skirmisher (level 2, -2/28 HPs)
             Began as a Minotaur Abyssal Knight on Jan 3, 2019.
             Was a Follower of Lugonu.
             Slain by a gnoll (3 damage)
             ... on level 1 of the Dungeon.
             The game lasted 00:01:01 (811 turns).

Borgoz the Skirmisher (Minotaur Abyssal Knight)      Turns: 811, Time: 00:01:02

Health: -2/28      AC:  3    Str: 16    XL:     2   Next: 68%
Magic:  2/2        EV: 11    Int:  9    God:    Lugonu [*.....]
Gold:   55         SH:  0    Dex:  9    Spells: 1/1 levels left

rFire    . . .     SeeInvis .   a - +1 hand axe
rCold    . . .     Gourm    .   (no shield)
rNeg     . . .     Faith    .   b - +0 leather armour
rPois    .         Spirit   .   (helmet restricted)
rElec    .         Reflect  .   (no cloak)
rCorr    .         Harm     .   (no gloves)
MR       .....                  (no boots)
Stlth    +.........             (no amulet)
HPRegen  0.09/turn              (no ring)
MPRegen  0.08/turn              (no ring)

@: no status effects
A: retaliatory headbutt, horns 2
a: Depart the Abyss, Renounce Religion


You were on level 1 of the Dungeon.
You worshipped Lugonu.
Lugonu was aware of your devotion.
You were not hungry.

You visited 1 branch of the dungeon, and saw 2 of its levels.
You visited the Abyss 1 time.

You collected 55 gold pieces.

Inventory:

Hand Weapons
 a - a +1 hand axe (weapon)
Armour
 b - a +0 leather armour (worn)
Scrolls
 d - 2 scrolls of identify {unknown}
 e - a scroll of blinking {unknown}
 g - 2 scrolls of magic mapping {unknown}
 h - a scroll of enchant weapon {unknown}
Potions
 f - a potion of cancellation {unknown}
Comestibles
 c - 5 rations


   Skills:
 + Level 4.4 Fighting
 + Level 2.6 Axes
 + Level 2.6 Armour
 + Level 1.5 Dodging
 + Level 1.8 Invocations


You had one spell level left.
You didn't know any spells.
Your spell library was empty.

Dungeon Overview and Level Annotations

Branches:
Dungeon (2/15)

Altars:


Innate Abilities, Weirdness & Mutations

You reflexively headbutt those who attack you in melee.
You have a pair of horns on your head.


Message History

A gnoll comes into view. It is wielding a +0 spear.
The gnoll shouts!
You hit the gnoll.
The gnoll is heavily wounded.
The gnoll hits you.
A gnoll comes into view. It is wielding a +0 flail.
The gnoll barely misses you. The gnoll hits you.
You are too injured to fight recklessly!
You are too injured to fight recklessly!
The gnoll hits you!
* * * LOW HITPOINT WARNING * * *
You see here a throwing net.
There is a stone staircase leading up here.
The gnoll hits you but does no damage.
You climb upwards.
There is a stone staircase leading down here.
You barely miss the gnoll. The gnoll hits you.
* * * LOW HITPOINT WARNING * * *
You barely miss the gnoll. The gnoll hits you.
You die...

######### ###### #.......#
.....######.......#
.....+....'.....@.#
.....#.####....g..# .....#.#
#.......# .......# #.......#
######.# ######'######### # #.#
#.........#
######.#################.########
##.....#.........................
##........###########....########


You could see a gnoll.

Vanquished Creatures
  A dart slug (D:1)
  A leopard gecko (D:1)
  2 giant cockroaches (D:1)
  2 goblins (D:1)
  3 jackals (D:1)
  3 bats (D:1)
  A frilled lizard (D:1)
  3 kobolds
  2 rats (D:1)
18 creatures vanquished.

Notes
Turn   | Place    | Note
-------+----------+-------------------------------------------
     0 | Abyss:1  | Borgoz the Minotaur Abyssal Knight began the quest for the
                  | Orb.
     0 | Abyss:1  | Reached XP level 1. HP: 19/19 MP: 1/1
    32 | Abyss:1  | Noticed a hellwing
    33 | D:1      | Escaped the Abyss
   219 | D:1      | Reached * piety under Lugonu
   221 | D:1      | Reached skill level 4 in Fighting
   222 | D:1      | Reached XP level 2. HP: 26/27 MP: 2/2
   810 | D:1      | HP: 1/28 [gnoll (5)]
   811 | D:1      | Slain by a gnoll

Vault maps used:
D:1:      nicolae_arrival_memento_mori, minmay_tetromino_i2
Abyss:1:  hangedman_decor_lopped

Skill      XL: |  1 |
---------------+----+-----
Fighting       | 4 |  4.4
Axes           | |  2.6
Armour         | |  2.6
Dodging        | |  1.5
Invocations    | |  1.8

Action                   || total
-------------------------++-------
Melee: Hand axe          ||    33
       Headbutt          ||     3
Invok: Depart the Abyss  ||     1
Armor: Leather armour    ||    11
Dodge: Dodged            ||    21

Table legend:
 A = Non-vault XP
 B = Vault XP
 C = Vault XP percentage of total XP
 D = Non-vault monster count
 E = Vault monster count
 F = Vault count percentage of total count
                 A         B        C        D         E       F
            +---------+---------+-------+---------+---------+-------
      Total |      29 |       3 |   9.4 |      16 |       2 |  11.1
            +---------+---------+-------+---------+---------+-------
        D:1 |      28 |       3 |   9.7 |      15 |       2 |  11.8
        D:2 |       1 |       0 |   0.0 |       1 |       0 |   0.0
            +---------+---------+-------+---------+---------+-------
